Map: Pillars of Gold LE

Players

Asuna - Winner!

  • Race: Protoss Protoss
  • League: Master
  • Spawn Location: 7:00

PiLiPiLi

  • Race: Protoss Protoss
  • League: Grandmaster
  • Spawn Location: 1:00

Event: DreamHack SC2 Masters 2020 Fall

VOD

Have the link to the VOD?

Description

Time

  • Played on: Sept. 2, 2020, 5:38 p.m.
  • Length: 12:14

All games in this series

Show
View Real Time Build Order
Export as new Build Order

Asuna Protoss - Winner!

Build Orders: Phoenix Opening 

Get SALT Encoding   

  12  0:00  Probe  
  13  0:12  Probe  
  14  0:18  Pylon  
  14  0:24  Probe  
  15  0:38  Gateway, Probe (Chrono Boost)  
  16  0:47  Probe (Chrono Boost)  
  16  0:48  Assimilator  
  17  0:52  Probe (Chrono Boost)  
  17  0:56  Assimilator  
  18  1:04  Probe (Chrono Boost)  
  19  1:16  Probe (Chrono Boost)  
  20  1:20  Probe (Chrono Boost)  
  21  1:26  Cybernetics Core  
  21  1:27  Pylon  
  21  1:30  Probe  
  22  1:43  Probe  
  23  1:55  Probe  
  24  2:02  Stargate  
  24  2:06  Stalker (Chrono Boost)  
  26  2:09  Probe  
  27  2:16  Warp Gate  
  27  2:21  Probe  
  27  2:22  Pylon  
  28  2:26  Pylon  
  28  2:28  Stalker (Chrono Boost)  
  30  2:39  Probe  
  31  2:47  Phoenix  
  31  2:48  Shield Battery  
  33  2:58  Probe  
  34  3:07  Shield Battery  
  34  3:12  Phoenix (Chrono Boost)  
  36  3:28  Nexus  
  36  3:36  Phoenix  
  36  3:40  Probe  
  39  3:47  Robotics Facility  
  39  3:52  Pylon  
  39  4:10  Probe  
  39  4:16  Phoenix (Chrono Boost)  
  40  4:23  Probe  
  43  4:32  Phoenix (Chrono Boost)  
  43  4:37  Probe (Chrono Boost)  
  46  4:40  Observer  
  46  4:41  Probe (Chrono Boost)  
  48  4:46  Gateway  
  48  4:51  Probe (Chrono Boost)  
  48  4:52  Probe (Chrono Boost)  
  46  4:56  Probe (Chrono Boost)  
  46  4:59  Probe  
  46  5:01  Phoenix  
  48  5:20  Immortal (Chrono Boost), Probe x2  
  48  5:21  Assimilator  
  54  5:31  Phoenix  
  54  5:33  Probe x2  
  58  5:45  Probe x2  
  58  5:46  Pylon  
  60  5:50  Pylon  
  60  5:57  Probe  
  60  5:58  Probe  
  62  6:04  Pylon  
  62  6:06  Immortal (Chrono Boost)  
  62  6:09  Probe  
  67  6:13  Sentry  
  67  6:16  Stalker  
  71  6:22  Phoenix (Chrono Boost)  
  73  6:29  Gateway  
  73  6:33  Probe x2  
  75  6:42  Zealot x2  
  79  6:47  Pylon  
  79  6:49  Phoenix (Chrono Boost)  
  81  7:01  Pylon  
  81  7:05  Zealot  
  81  7:06  Zealot  
  81  7:07  Pylon  
  85  7:25  Phoenix  
  85  7:27  Stalker x3  
  85  7:29  Probe x2  
  82  7:52  Zealot x3  
  82  7:53  Phoenix  
  82  7:55  Probe  
  82  7:56  Assimilator  
  91  8:02  Twilight Council  
  91  8:03  Observer  
  92  8:08  Forge  
  92  8:19  Nexus  
  92  8:26  Immortal (Chrono Boost)  
  96  8:37  Pylon  
  96  8:38  Protoss Ground Weapons Level 1 (Chrono Boost)  
  96  8:39  Charge (Chrono Boost)  
  95  8:46  Templar Archives  
  95  8:53  Sentry  
  97  8:55  Gateway  
  97  9:13  Gateway  
  97  9:14  Photon Cannon  
  97  9:17  Gateway  
  97  9:22  Photon Cannon  
  96  9:28  Zealot  
  98  9:32  Shield Battery  
  98  9:34  High Templar x2  
  102  9:38  Archon  
  102  9:40  Immortal (Chrono Boost)  
  106  9:50  Shield Battery  
  106  9:54  Zealot  
  106  9:55  Zealot  
  86  10:07  Zealot  
  86  10:08  Zealot  
  74  10:16  Zealot  
  74  10:17  Zealot x3  
  74  10:29  Zealot  
  74  10:30  Zealot  
  74  10:34  Observer (Chrono Boost)  
  71  10:37  Probe x2  
  71  10:38  Zealot x3  
  79  10:52  Photon Cannon  
  79  11:01  High Templar x3  
  79  11:02  High Templar x3  
  91  11:06  Archon x2  
  91  11:07  Archon  
  91  11:12  Nexus  
  91  11:18  Pylon  
  91  11:24  Immortal (Chrono Boost)  
  95  11:33  Probe x2  
  95  11:35  High Templar x2  
  101  11:40  Archon  
  101  11:58  High Templar  
  101  11:59  Zealot x2, High Templar  
  110  12:04  Shield Battery  
  110  12:05  Archon  
  110  12:07  Zealot x2  
Show
View Real Time Build Order
Export as new Build Order

PiLiPiLi Protoss 

Build Orders: Oracle Opening 

Get SALT Encoding   

  12  0:00  Probe  
  13  0:12  Probe  
  14  0:17  Pylon  
  14  0:25  Probe (Chrono Boost)  
  15  0:37  Probe (Chrono Boost)  
  15  0:39  Gateway  
  16  0:45  Probe (Chrono Boost)  
  16  0:48  Assimilator  
  17  0:51  Probe  
  17  0:56  Assimilator  
  18  1:03  Probe (Chrono Boost)  
  19  1:09  Gateway  
  19  1:17  Probe (Chrono Boost)  
  20  1:24  Probe (Chrono Boost)  
  21  1:28  Cybernetics Core  
  21  1:31  Probe  
  22  1:40  Pylon  
  22  1:45  Probe  
  23  2:05  Stargate  
  23  2:07  Stalker  
  25  2:08  Warp Gate  
  25  2:15  Stalker  
  27  2:21  Probe  
  28  2:25  Pylon  
  27  2:45  Oracle (Chrono Boost)  
  27  2:49  Probe  
  31  2:51  Shield Battery  
  31  3:12  Nexus  
  31  3:15  Probe  
  32  3:22  Pylon  
  32  3:27  Probe  
  33  3:40  Twilight Council  
  33  3:41  Shield Battery  
  33  3:43  Probe  
  34  3:58  Stalker  
  34  3:59  Stalker  
  34  4:02  Probe  
  39  4:08  Blink (Chrono Boost)  
  39  4:14  Probe  
  40  4:25  Probe  
  40  4:26  Probe  
  40  4:31  Stalker  
  43  4:36  Stalker  
  45  4:39  Probe  
  45  4:40  Probe  
  47  4:51  Probe  
  47  4:52  Probe  
  46  5:00  Gateway  
  46  5:03  Probe  
  46  5:04  Probe  
  46  5:05  Stalker  
  50  5:07  Stalker  
  49  5:16  Probe  
  49  5:17  Probe  
  51  5:28  Probe  
  51  5:30  Probe  
  53  5:36  Nexus  
  53  5:37  Pylon  
  53  5:40  Probe  
  54  5:48  Robotics Facility  
  54  5:55  Probe x2  
  54  5:56  Pylon  
  56  5:58  Stalker  
  58  6:05  Pylon  
  58  6:08  Probe x2  
  60  6:16  Stalker  
  60  6:17  Pylon  
  60  6:18  Stalker  
  64  6:28  Gateway  
  64  6:34  Gateway  
  64  6:35  Observer (Chrono Boost)  
  64  6:37  Gateway  
  65  6:42  Gateway, Probe x2  
  65  6:45  Assimilator  
  66  6:50  Sentry x2  
  66  6:52  Sentry  
  72  6:58  Immortal (Chrono Boost)  
  76  7:15  Stalker x2, Pylon  
  76  7:16  Stalker  
  82  7:23  Stalker  
  84  7:36  Shield Battery  
  82  7:38  Zealot x2  
  82  7:39  Zealot x3  
  82  7:50  Zealot x2  
  78  7:52  Assimilator  
  78  7:53  Shield Battery  
  78  7:56  Probe  
  78  7:58  Dark Shrine  
  79  8:01  Charge (Chrono Boost)  
  78  8:06  Zealot x2  
  78  8:07  Probe  
  83  8:14  Zealot  
  85  8:26  Pylon  
  85  8:29  Pylon  
  85  8:41  Warp Prism (Chrono Boost)  
  85  8:47  Zealot x5  
  97  8:49  Sentry  
  97  8:54  Pylon  
  86  9:11  Dark Templar x3  
  86  9:16  Dark Templar  
  94  9:24  Archon  
  94  9:28  Archon  
  94  9:30  Dark Templar x2  
  98  9:40  Stalker  
  98  9:42  Archon  
  100  9:48  Zealot  
  102  9:56  Zealot x2  
  92  10:06  Zealot  
  86  10:10  Dark Templar  
  75  10:14  Observer  
  73  10:26  Dark Templar x2  
  46  10:44  Dark Templar x2  
  50  11:05  Dark Templar x2  
  54  11:13  Archon  
  54  11:14  Archon  
  54  11:17  Archon  
  54  11:24  Dark Templar x2  
  58  11:28  Archon  
  58  11:32  Dark Templar  
  60  11:36  Archon  
  60  11:39  Zealot x4  
  68  11:46  Probe x2 (Chrono Boost)  
  63  11:56  Probe x2 (Chrono Boost)  
  63  12:01  Probe x2 (Chrono Boost)  

Tags
 
Add a new tag
Caveats
  • Supply blocks, unpowered buildings, or Contaminate may cause inaccurate times.
  • Supply counts are checked every 10 seconds.